 Dungeon Crawl Stone Soup version 0.31-a0-221-gbddc013574 (webtiles) character file.

Game seed: 620208215512810630

101 Maxmaps the Poker (level 4, 0/33 HPs)
             Began as a Demonspawn Gladiator on July 4, 2023.
             Slain by Crazy Yiuf
             ... wielding a +2 quarterstaff of chaos
              (4 damage)
             ... on level 2 of the Dungeon.
             The game lasted 00:01:25 (1671 turns).

Maxmaps the Poker (Demonspawn Gladiator)            Turns: 1671, Time: 00:01:26

Health: 0/33       AC:  8    Str: 14 (15) XL:     4   Next: 48%
Magic:  4/4        EV: 12    Int:  9 (11) God:
Gold:   148        SH:  0    Dex: 13 (14) Spells: 3/3 levels left

rFire   . . .        a - +0 trident
rCold   . . .        (no shield)
rNeg    . . .        b - +0 leather armour
rPois   .            c - +0 helmet
rElec   .            (no cloak)
rCorr   .            (no gloves)
SInv    .            (no boots)
Will    +....        (no amulet)
Stlth   +            o - +4 ring of protection
HPRegen 0.25/turn    n - ring of willpower
MPRegen 0.09/turn

%: no passive effects
@: lethally poisoned (0 -> -7)
A: foul stench 2
a: no special abilities


You were on level 2 of the Dungeon.
You visited 1 branch of the dungeon, and saw 2 of its levels.

You collected 148 gold pieces.

Inventory:

Hand Weapons
 a - a +0 trident (weapon)
Missiles
 d - 3 throwing nets (quivered)
 e - a javelin
Armour
 b - a +0 leather armour (worn)
 c - a +0 helmet (worn)
Jewellery
 k - a ring of magical power
 n - a ring of willpower (right hand)
 o - a +4 ring of protection (left hand)
Scrolls
 f - 2 scrolls of fear {unknown}
 h - 2 scrolls of enchant armour {unknown}
 i - a scroll of poison {unknown}
 j - a scroll of fog {unknown}
 l - a scroll of enchant weapon {unknown}
 m - a scroll of identify {unknown}
 r - a scroll of amnesia {unknown}
 s - a scroll of noise {unknown}
Potions
 p - a potion of enlightenment {unknown}
 q - a potion of curing {unknown}


   Skills:
 - Level 2.0 Fighting
 + Level 4.8 Polearms
 - Level 1.7 Throwing
 - Level 2.6 Dodging


You had 3 spell levels left.
You didn't know any spells.
Your spell library contained the following spells:

 Spells                   Type           Power      Damage    Failure   Level
 Borgnjor's Revivificati  Necr           0%         N/A       100%        8
 Necromutation            Tmut/Necr      0%         N/A       100%        8
 Death's Door             Necr           0%         N/A       100%        9


Dungeon Overview and Level Annotations

Branches:
Dungeon (2/15)

Altars:

Annotations:
D:2 Crazy Yiuf


Innate Abilities, Weirdness & Mutations

You sometimes emit foul miasma when damaged in melee.


Message History

Crazy Yiuf shouts!
Failed to move towards target.
Could not explore, unopened runed door.
Failed to move towards target.
Could not explore, unopened runed door.
Failed to move towards target.
You open the door. You barely miss Crazy Yiuf.
Crazy Yiuf says, "Seed!"
Crazy Yiuf barely misses you.
You hit Crazy Yiuf but do no damage.
Crazy Yiuf hits you with a +2 quarterstaff of chaos!
You resist with almost no effort.
You barely miss Crazy Yiuf. Crazy Yiuf misses you.
You hit Crazy Yiuf.
Crazy Yiuf is lightly wounded.
Crazy Yiuf laughs, "Ten!"
Crazy Yiuf hits you with a +2 quarterstaff of chaos!
You hit Crazy Yiuf.
Crazy Yiuf is lightly wounded.
Crazy Yiuf barely misses you.
You hit Crazy Yiuf.
Crazy Yiuf is lightly wounded.
Crazy Yiuf barely misses you.
You puncture Crazy Yiuf!
Crazy Yiuf is heavily wounded.
Crazy Yiuf hits you with a +2 quarterstaff of chaos.
You are lethally poisoned!
You barely miss Crazy Yiuf.
Crazy Yiuf is heavily wounded.
* * * LOW HITPOINT WARNING * * *
You feel very sick. Crazy Yiuf hits you but does no damage.
It was a potion of degeneration.
There was something very wrong with that liquid.
You feel weakened.
You feel dopey.
You feel clumsy.
* * * LOW HITPOINT WARNING * * *
You feel very sick.
Crazy Yiuf hits you with a +2 quarterstaff of chaos.
You die...

♣♣♣♣♣## ###
♣♣♣.♣...###
#...#♣..♣......##
#...g@♣♣♣♣......#
#)..#♣♣ ♣♣..#..#
#### ###
♣♣###.###...
#........
######...
######### #.÷.
######.......#
####
#>...'.......# #
#..###.......# #


You could see Crazy Yiuf.

Vanquished Creatures
  Terence (D:2)
  An adder (D:2)
  2 worms (D:2)
  3 dart slugs
  4 bats
  4 endoplasms (D:2)
  2 giant cockroaches
  12 goblins
  6 hobgoblins
  4 jackals (D:2)
  2 quokkas (D:1)
  A frilled lizard (D:2)
  4 kobolds
  3 rats
49 creatures vanquished.

Notes
Turn   | Place    | Note
-------+----------+-------------------------------------------
     0 | D:1      | Maxmaps the Demonspawn Gladiator began the quest for the
                  | Orb.
     0 | D:1      | Reached XP level 1. HP: 16/16 MP: 1/1
    62 | D:1      | Reached skill level 3 in Polearms
   156 | D:1      | Gained mutation: You may rarely emit foul miasma when
                  | damaged in melee. [demonic ancestry]
   156 | D:1      | Reached XP level 2. HP: 22/22 MP: 2/2
   772 | D:2      | Gained mutation: You sometimes emit foul miasma when
                  | damaged in melee. [demonic ancestry]
   772 | D:2      | Reached XP level 3. HP: 25/27 MP: 3/3
   920 | D:2      | Reached skill level 4 in Polearms
  1033 | D:2      | Noticed Terence
  1055 | D:2      | Killed Terence
  1056 | D:2      | Reached XP level 4. HP: 11/33 MP: 4/4
  1340 | D:2      | Found a runed translucent door.
  1341 | D:2      | Noticed Crazy Yiuf
  1671 | D:2      | Slain by Crazy Yiuf

Illustrated notes

Levels and vault maps discovered:
D:1:      dpeg_arrival_windows_large_door, layout_basic,
          minmay_shallow_snake_nest
D:2:      minmay_alternating_diamond, layout_basic, uniq_terence,
          uniq_crazy_yiuf_cottage

Skill      XL: |  1  2  3 |
---------------+----------+-----
Polearms       | 3 4 |  4.8
Fighting       | |  2.0
Throwing       | |  1.7
Dodging        | |  2.6

Action                     |  1- 3 |  4- 6 || total
---------------------------+-------+-------++-------
  Melee: Trident           |   126 |    41 ||   167
         Punch             |     3 |       ||     3
    Use: Potion            |       |     1 ||     1
   Stab: Distracted        |       |     1 ||     1
 Armour: Leather armour    |    43 |     6 ||    49
  Dodge: Dodged            |    70 |    18 ||    88

Table legend: (Time is in decaauts)
 A = Elapsed time spent in this place.
 B = Non-inter-level travel time spent in this place.
 C = Inter-level travel time spent in this place.
 D = Time resting spent in this place.
 E = Time spent auto-exploring this place.
 F = Levels seen in this place.
 G = Mean time per level.
                   A        B        C        D        E       F      G
               +--------+--------+--------+--------+--------+-----+--------+
         Total |   1686 |   1674 |     12 |     86 |   1277 |   2 |  843.0 |
       Dungeon |   1686 |   1674 |     12 |     86 |   1277 |   2 |  843.0 |
               +--------+--------+--------+--------+--------+-----+--------+

Top non-repeatable levels by time:
     D:2: 1031 daAuts
     D:1: 655 daAuts
